 Dungeon Crawl Stone Soup version 0.26-a0-264-g3a471323bd (webtiles) character file.

Game seed: 18382049938908351031

86 BritishOli the Covered (level 4, 0/35 HPs)
             Began as a Demonspawn Fighter on July 11, 2020.
             Slain by an orc
             ... wielding a +0 club
              (5 damage)
             ... on level 3 of the Dungeon.
             The game lasted 00:01:13 (2038 turns).

BritishOli the Covered (Demonspawn Fighter)         Turns: 2038, Time: 00:01:13

Health: 0/35       AC:  8    Str: 17    XL:     4   Next: 26%
Magic:  4/4        EV:  7    Int: 10    God:
Gold:   85         SH:  9    Dex: 12    Spells: 3/3 levels left

rFire    + . .     SeeInvis .   a - +0 long sword
rCold    . . .     Faith    .   c - +0 kite shield
rNeg     . . .     Spirit   .   b - +0 scale mail
rPois    .         Reflect  .   (no helmet)
rElec    .         Harm     .   (no cloak)
rCorr    .                      (no gloves)
MR       .....                  (no boots)
Stlth    ..........             (no amulet)
HPRegen  0.11/turn              h - ring of protection from fire
MPRegen  0.09/turn              (no ring)

@: no status effects
A: thin metallic scales 1, powered by pain 1
a: no special abilities


You were on level 3 of the Dungeon.
You were not hungry.

You visited 1 branch of the dungeon, and saw 3 of its levels.

You collected 85 gold pieces.

Inventory:

Hand Weapons
 a - a +0 long sword (weapon)
Armour
 b - a +0 scale mail (worn)
 c - a +0 kite shield (worn)
Jewellery
 h - a ring of protection from fire (left hand)
Scrolls
 g - 3 scrolls of remove curse {unknown}
 i - 2 scrolls of enchant weapon {unknown}
 k - a scroll of fog {unknown}
 l - a scroll of teleportation {unknown}
 m - 3 scrolls of identify {unknown}
 n - a scroll of random uselessness {unknown}
Potions
 d - 2 potions of might
 e - a potion of curing {unknown}
 j - 2 potions of heal wounds {unknown}
Comestibles
 f - 9 rations


   Skills:
 + Level 3.4 Fighting
 * Level 2.7 Long Blades
 * Level 3.5 Armour
 + Level 3.1 Shields


You had 3 spell levels left.
You didn't know any spells.
Your spell library was empty.

Dungeon Overview and Level Annotations

Branches:
Dungeon (3/15)

Altars:
Fedhas

Annotations:
D:3 Terence


Innate Abilities, Weirdness & Mutations

You are partially covered in thin metallic scales. (AC +2)
You sometimes gain a little power by taking damage.


Message History

* * * LOW HITPOINT WARNING * * *
Your shield and scale mail prevent you from hitting Terence.
Terence is lightly wounded.
You block Terence's attack.
You hit Terence but do no damage.
Terence is lightly wounded.
An orc comes into view. It is wielding a +0 dagger.
Terence hits you but does no damage.
The orc shouts!
You hit Terence.
Terence is heavily wounded.
You block Terence's attack. You block the orc's attack.
Your shield prevents you from hitting Terence.
Terence is heavily wounded.
Terence closely misses you. You block the orc's attack.
Terence closely misses you. The orc hits you but does no damage.
There is a stone staircase leading up here.
The orc hits you with a +0 club.
You die...

######
#......
##†......
#@.......
#@o......
#..o.....
#.†......
#........
##.......
.......
.......
.......


You could see Terence and 2 orcs.

Vanquished Creatures
  4 adders (D:2)
  An ooze (D:2)
  3 worms (D:2)
  2 dart slugs (D:2)
  A leopard gecko (D:2)
  A giant cockroach (D:2)
  4 goblins
  3 jackals
  A quokka (D:2)
  4 bats (D:2)
  2 frilled lizards
  5 kobolds
  5 rats
36 creatures vanquished.

Notes
Turn   | Place    | Note
-------+----------+-------------------------------------------
     0 | D:1      | BritishOli the Demonspawn Fighter began the quest for the
                  | Orb.
     0 | D:1      | Reached XP level 1. HP: 18/18 MP: 1/1
   716 | D:2      | Gained mutation: You are partially covered in thin metallic
                  | scales. (AC +2) [demonic ancestry]
   716 | D:2      | Reached XP level 2. HP: 18/24 MP: 2/2
   944 | D:2      | Found a blossoming altar of Fedhas.
  1000 | D:2      | Gained mutation: You sometimes gain a little power by
                  | taking damage. [demonic ancestry]
  1000 | D:2      | Reached XP level 3. HP: 27/29 MP: 3/3
  1912 | D:2      | Reached XP level 4. HP: 33/35 MP: 4/4
  1978 | D:3      | Noticed a phantom
  2014 | D:3      | Noticed Terence
  2038 | D:3      | Slain by an orc

Illustrated notes

Levels and vault maps discovered:
D:1:      evilmike_arrival_rings, layout_basic, serial_park_tiny_1,
          minmay_shallow_snake_nest
D:2:      layout_loops_ring, fedhas_altar_fruit_tree
D:3:      layout_rooms, old_standard_altar, uniq_terence

Skill      XL: |  1  2  3 |
---------------+----------+-----
Long Blades    | 2 |  2.7
Armour         | 3 |  3.5
Shields        | 3 |  3.1
Fighting       | |  3.4

Action                   |  1- 3 |  4- 6 || total
-------------------------+-------+-------++-------
Melee: Long sword        |   122 |    38 ||   160
  Eat: Ration            |     1 |       ||     1
Armor: Scale mail        |    64 |    21 ||    85
Dodge: Dodged            |    24 |    19 ||    43
Block: Kite shield       |    54 |    29 ||    83
       Rpst.: Long sword |     8 |     6 ||    14

Table legend:
 A = Non-vault XP
 B = Vault XP
 C = Vault XP percentage of total XP
 D = Non-vault monster count
 E = Vault monster count
 F = Vault count percentage of total count
                 A         B        C        D         E       F
            +---------+---------+-------+---------+---------+-------
      Total |     123 |       0 |   0.0 |      36 |       0 |   0.0
            +---------+---------+-------+---------+---------+-------
        D:1 |       9 |       0 |   0.0 |       7 |       0 |   0.0
        D:2 |     108 |       0 |   0.0 |      25 |       0 |   0.0
        D:3 |       6 |       0 |   0.0 |       4 |       0 |   0.0
            +---------+---------+-------+---------+---------+-------
